 Dungeon Crawl Stone Soup version 0.22-a0-525-gf69a080 (webtiles) character file.

42232 Amnesiac the Eclecticist (level 13, -8/70 HPs)
             Began as a Spriggan Earth Elementalist on June 21, 2018.
             Was a High Priest of Ashenzari.
             Killed by mirror damage (15 damage)
             ... on level 13 of the Dungeon.
             The game lasted 00:47:23 (21214 turns).

Amnesiac the Eclecticist (SpEE)                    Turns: 21214, Time: 00:47:23

Health: -8/70      AC:  5    Str:  4    XL:     13   Next: 84%
Magic:  14/35      EV: 27    Int: 25    God:    Ashenzari [*****.]
Gold:   1266       SH:  4    Dex: 17    Spells: 25/47 levels left

rFire    + . .     SeeInvis +   h - -1 spear (curse)
rCold    . . .     Gourm    .   (shield restricted)
rNeg     . . .     Faith    .   R - +2 robe {rF+}
rPois    .         Spirit   .   (helmet restricted)
rElec    .         Reflect  .   k - +1 cloak
rCorr    .         Harm     +   (gloves unavailable)
MR       ++...     Clarity  +   (boots unavailable)
Stlth    +.........             q - amulet of harm (curse)
HPRegen  0.21/turn              E - ring of loudness (curse)
MPRegen  0.24/turn              p - +4 ring of intelligence

@: very quick
A: very small, unfitting armour, large bone plates 1, see invisible, deformed
body, herbivore, speed 3, slow metabolism 2
a: Curse Item, Scrying, Transfer Knowledge, Renounce Religion


You were on level 13 of the Dungeon.
You worshipped Ashenzari.
Ashenzari was extremely pleased with you.
You were not hungry.

You visited 3 branches of the dungeon, and saw 16 of its levels.

You collected 1384 gold pieces.
You spent 118 gold pieces at shops.

Inventory:

Hand Weapons
 e - the +4 trident "Starlight" {pierce, Int+4}
   (You took it off a spriggan on level 10 of the Dungeon)

   It inflicts extra damage upon your enemies.
   It affects your intelligence (+4).
 h - a cursed -1 spear (weapon)
 s - a cursed +0 dagger
 Q - a +0 dagger of electrocution
Missiles
 H - 81 stones (quivered)
 P - 461 arrows
Armour
 b - a +0 troll leather armour
 k - a +1 cloak (worn)
 v - a scarf of cloud immunity
 A - a +0 robe of fire resistance
 O - a +1 robe of cold resistance
 R - a +2 robe of fire resistance (worn)
Magical Staves
 K - an uncursed staff of energy
Jewellery
 o - an uncursed ring of protection from cold
 p - a +4 ring of intelligence (right hand)
 q - a cursed amulet of harm (around neck)
 w - an uncursed ring of resist corrosion
 y - an uncursed ring of protection from fire
 z - an uncursed ring of poison resistance
 E - a cursed ring of loudness (left hand)
 L - a +1 ring of protection
Wands
 c - a wand of paralysis (16)
 J - a wand of flame (29)
 N - a wand of random effects (8)
Scrolls
 i - a scroll of blinking {!r}
 l - a scroll of fear {!r}
 m - 5 scrolls of teleportation {!r}
 n - 3 scrolls of remove curse {!r}
 r - 2 scrolls of enchant armour {!r}
 t - 5 scrolls of vulnerability {!r}
 B - a scroll of amnesia {!r}
 I - 2 scrolls of identify {!r}
Potions
 a - 4 potions of curing {!q}
 f - 5 potions of might {!q}
 g - a potion of heal wounds {!q}
 j - a potion of lignification {!q}
 u - a potion of cancellation {!q}
 x - 3 potions of agility {!q}
 F - a potion of mutation {!q}
 G - 4 potions of flight {!q}
 M - a potion of invisibility {!q}
Comestibles
 d - 16 rations


   Skills:
 * Level 9.2 Fighting
 + Level 11.2 Dodging
 - Level 3.0 Stealth
 + Level 17.8 Spellcasting
 - Level 10.0(12.4) Transmutations
 - Level 10.0(12.4) Earth Magic


You had 25 spell levels left.
You knew the following spells:

 Your Spells              Type           Power        Failure   Level  Hunger
a - Stone Arrow           Conj/Erth      ######       1%          3    None
b - Passwall              Tmut/Erth      ######..     1%          2    None
c - Sandblast             Erth           ######       0%          1    None
d - Lee's Rapid Deconstr  Erth           ######....   1%          5    None
e - Petrify               Tmut/Erth      ######..     1%          4    None
f - Yara's Violent Unrav  Hex/Tmut       ######....   4%          5    None
w - Sticks to Snakes      Tmut           ######..     1%          2    None

Your spell library contained the following spells:

 Spells                   Type           Power        Failure   Level  Hunger
 Magic Dart               Conj           ###.         1%          1    None
 Fireball                 Conj/Fire      ###.......   47%         5    None
 Apportation              Tloc           ###...       1%          1    None
 Bolt of Fire             Conj/Fire      ###.......   96%         6    ###....
 Confuse                  Hex            ###.....     6%          3    None
 Ring of Flames           Chrm/Fire      ###.......   100%        7    #####..
 Summon Small Mammal      Summ           ###.         1%          1    None
 Iskenderun's Mystic Bla  Conj           ###.....     19%         4    None
 Animate Skeleton         Necr           N/A          1%          1    None
 Spider Form              Tmut/Pois      ######....   1%          3    None
 Blade Hands              Tmut           ######....   1%          5    None
 Ice Form                 Ice/Tmut       ######..     1%          4    None
 Confusing Touch          Hex            ###...       1%          1    None
 Ignite Poison            Fire/Tmut/Pois #####...     1%          3    None
 Metabolic Englaciation   Hex/Ice        ###.......   47%         5    None
 Beastly Appendage        Tmut           ######       0%          1    None
 Fulminant Prism          Conj/Hex       ###.......   19%         4    None
 Dazzling Spray           Conj/Hex       ###...       6%          3    None
 Force Lance              Conj/Tloc      ###.....     19%         4    None
 Searing Ray              Conj           ###...       3%          2    None
 Gell's Gravitas          Tloc           ###.......   6%          3    None
 Ignition                 Fire           ###.......   100%        8    ######.


Dungeon Overview and Level Annotations

Branches:
Dungeon (13/15)            Temple (1/1) D:5            Lair (0/6) D:8
    Orc (2/2) D:12            Elf (0/3) Orc:2        Vaults (0/5) D:13

Altars:
Ashenzari
Cheibriados
Dithmenos
Elyvilon
Fedhas
Gozag
Hepliaklqana
Kikubaaqudgha
Makhleb
Nemelex Xobeh
Okawaru
Qazlal
Ru
Sif Muna
Trog
Uskayaw
Vehumet
Wu Jian
Xom
Yredelemnul
Zin
The Shining One
Beogh

Shops:
D:9 *(%[   D:11 !   Orc:2 ([}%(}

Portals:
Trove: D:11 (give +7 demon blade)


Innate Abilities, Weirdness & Mutations

You are very small and have problems with some larger weapons.
You are too small for most types of armour.
You have supernaturally acute eyesight. (SInv)
You are a herbivore.
You cover ground extremely quickly.
You need to consume almost no food.
You are partially covered in large bone plates. (SH +4)
Armour fits poorly on your strangely shaped body.


Message History

The stone arrow hits the hungry ghost.
The hungry ghost is almost destroyed.
The hungry ghost hits you.
Casting: Stone Arrow (safe; 1% risk of failure)
Confirm with . or Enter, or press ? or * to list all spells.
Aiming: Stone Arrow (safe; 1% risk of failure)
Press: ? - help, Shift-Dir - straight line, f/p - hungry ghost
Aim: a hungry ghost (almost destroyed)
The stone arrow hits the hungry ghost.
You destroy the hungry ghost!
P - 461 arrows (gained 17) HP restored.
There is an open door here.
There is an open door here.
The death knight shouts!
The death knight is too close now for your liking.
A death knight is nearby!
A death knight is nearby!
A death knight is nearby!
Casting: Stone Arrow (safe; 1% risk of failure)
Confirm with . or Enter, or press ? or * to list all spells.
Aiming: Stone Arrow (safe; 1% risk of failure)
Press: ? - help, Shift-Dir - straight line, f - death knight
Aim: a death knight, wielding a broad axe and wearing a chain mail The stone arrow misses the death knight.
The death knight mumbles some strange prayers to Yredelemnul against you.
Your body is wracked with pain!
Ouch! That really hurt!
* * * LOW HITPOINT WARNING * * *
Casting: Stone Arrow (safe; 1% risk of failure)
Confirm with . or Enter, or press ? or * to list all spells.
Aiming: Stone Arrow (safe; 1% risk of failure)
Press: ? - help, Shift-Dir - straight line, f/p - death knight
Aim: a death knight, wielding a broad axe and wearing a chain mail The stone arrow hits the death knight.
The death knight is moderately wounded.
The death knight offers itself to Yredelemnul, and fills with unholy energy.
Unknown command.
Casting: Stone Arrow (safe; 1% risk of failure)
Confirm with . or Enter, or press ? or * to list all spells.
Aiming: Stone Arrow (safe; 1% risk of failure)
Press: ? - help, Shift-Dir - straight line, f/p - death knight
Aim: a death knight, wielding a broad axe and wearing a chain mail (moderately wounded, reflecting injuries)
The stone arrow hits the death knight.
The death knight is heavily wounded.
The death knight reflects your damage back at you!
* * * LOW HITPOINT WARNING * * *
The death knight invokes the aid of Yredelemnul against you.
You resist with almost no effort.
Unknown command.
Things that are here:
a +0 long sword; an uncursed plate armour The death knight invokes the aid of Yredelemnul against you.
Your body is wracked with pain!
* * * LOW HITPOINT WARNING * * *
Casting: Stone Arrow (safe; 1% risk of failure)
Confirm with . or Enter, or press ? or * to list all spells.
Aiming: Stone Arrow (safe; 1% risk of failure)
Press: ? - help, Shift-Dir - straight line, f/p - death knight
Aim: a death knight, wielding a broad axe and wearing a chain mail (heavily wounded, reflecting injuries)
The stone arrow hits the death knight.
The death knight is severely wounded.
The death knight reflects your damage back at you!
You die...

##)## * * *#.....'...'........
#p..## * #.#####...#........
.....##** {* #.# #...###.#'###
p.....# , , #.# #..[# #......
{........ , #.### #...# #.#.###
...############.#.# ##### #.#.###
......#...........# #.#.#..
#####.#....##...#.# ###.#.#
.####.#....#....@.## #.#..
.................).##########.#..
#####.#.#.###.#.#.รท#..........#..
#.#.#.###.#p#..#.##########..
#.#.#.......#.)#.# #..
#####.....p...#....#.# #%.
...####.###.#.###..#.##########..
.......).........................
...####.......#................%#


You could see a death knight.

Vanquished Creatures
  2 orc warlords
  2 vault guards (D:13)
  Fannar (D:12)
  A catoblepas (D:13)
  An ogre mage (Orc:2)
  2 centaur warriors (D:13)
  The ghost of inc the Blocker, a journeyman FoFi of Hepliaklqana (D:10)
  10 two-headed ogres
  3 death yaks (D:8)
  An orc high priest (Orc:2)
  2 unseen horrors
  2 ugly things (D:11)
  Pikel (D:7)
  The ghost of Buchy the Cleaver, a novice MiBe of Trog (D:6)
  5 orc sorcerers
  3 manticores
  A kobold demonologist (D:13)
  A komodo dragon (D:10)
  9 trolls
  7 slime creatures
  2 hippogriffs (D:10)
  2 spriggans (D:10)
  Sigmund (D:6)
  2 wraiths (D:10)
  A wyvern (D:12)
  A shadow (D:12)
  9 yaks
  A hungry ghost (D:13)
  3 steam dragons (D:7)
  5 wargs
  A soldier ant (D:11)
  3 water moccasins
  2 ice beasts
  4 sky beasts
  An eye of draining (D:11)
  4 phantoms
  5 black bears
  4 slaves (D:7)
  17 ogres
  39 orc warriors
  12 centaurs
  2 big kobolds
  A spectral wyvern (D:6)
  3 bullfrogs
  A water moccasin zombie (D:6)
  A wyvern skeleton (D:10)
  3 scorpions
  9 killer bees
  A water moccasin skeleton (D:8)
  4 wights (D:9)
  A howler monkey (D:5)
  A spectral centaur (D:6)
  5 crimson imps
  A bullfrog zombie (D:7)
  A quasit (D:10)
  3 centaur zombies
  5 hounds
  2 bullfrog skeletons
  A centaur skeleton (D:10)
  25 orc priests
  A gnoll shaman (D:4)
  3 jellies
  Crazy Yiuf (D:2)
  Ijyb (D:5)
  25 orc wizards
  4 iguanas
  16 worker ants
  2 hound skeletons
  A mummy (D:8)
  2 worker ant zombies
  8 gnolls
  15 adders
  2 shadow imps
  An ooze (D:6)
  An adder zombie (D:5)
  3 adder skeletons
  6 worms
  A dart slug (D:2)
  8 leopard geckos
  100 orcs
  5 giant cockroaches
  7 hobgoblins
  10 jackals
  7 quokkas
  6 bats
  3 frilled lizards
  4 goblins
  A jackal skeleton (D:4)
  10 kobolds
  A quokka zombie (D:5)
  3 rats
503 creatures vanquished.

Vanquished Creatures (others)
  2 centaurs (D:13)
  An orc (Orc:2)
  2 plants (D:8)
5 creatures vanquished.

Grand Total: 508 creatures vanquished

Notes
Turn   | Place    | Note
-------+----------+-------------------------------------------
     0 | D:1      | Amnesiac the Spriggan Earth Elementalist began the quest for the Orb.
     0 | D:1      | Reached XP level 1. HP: 9/9 MP: 5/5
   527 | D:2      | Reached skill level 3 in Spellcasting
   527 | D:2      | Reached XP level 2. HP: 13/13 MP: 4/7
   536 | D:2      | Learned a level 2 spell: Passwall
   739 | D:2      | Found a hide-covered altar of Uskayaw.
   748 | D:2      | Reached XP level 3. HP: 16/16 MP: 1/8
   850 | D:2      | Found a shattered altar of Ashenzari.
   860 | D:2      | Became a worshipper of Ashenzari the Shackled
   886 | D:2      | Found a runed door.
   905 | D:2      | Noticed Crazy Yiuf
   911 | D:2      | Killed Crazy Yiuf
   911 | D:2      | Reached XP level 4. HP: 21/21 MP: 4/9
  1080 | D:2      | Found a blossoming altar of Fedhas.
  1326 | D:2      | HP: 1/21 [goblin/spear (7)]
  1958 | D:3      | Reached XP level 5. HP: 24/24 MP: 6/11
  2025 | D:3      | Found an opulent altar of Gozag.
  2543 | D:4      | Noticed a phantom
  2550 | D:4      | Killed a phantom
  2550 | D:4      | Reached skill level 4 in Spellcasting
  2550 | D:4      | Reached XP level 6. HP: 26/28 MP: 7/13
  2557 | D:4      | Learned a level 5 spell: Lee's Rapid Deconstruction
  2562 | D:4      | Learned a level 4 spell: Petrify
  2628 | D:4      | Reached skill level 5 in Transmutations
  2628 | D:4      | Reached skill level 5 in Earth Magic
  2683 | D:4      | Reached * piety under Ashenzari
  2699 | D:4      | Reached XP level 7. HP: 32/32 MP: 9/15
  2829 | D:4      | Reached skill level 5 in Spellcasting
  3051 | D:4      | Found a shadowy altar of Dithmenos.
  3146 | D:4      | Found a burning altar of Makhleb.
  3151 | D:4      | Found a glowing golden altar of the Shining One.
  3227 | D:5      | Entered Level 5 of the Dungeon
  3245 | D:5      | Noticed Ijyb
  3251 | D:5      | Killed Ijyb
  3349 | D:5      | Found a staircase to the Ecumenical Temple.
  3399 | Temple   | Entered the Ecumenical Temple
  3591 | D:5      | Reached XP level 8. HP: 15/36 MP: 12/17
  3674 | D:5      | Reached ** piety under Ashenzari
  3823 | D:5      | Found a stormy altar of Qazlal.
  3861 | D:5      | Reached skill level 6 in Spellcasting
  3917 | D:5      | Found a sparkling altar of Nemelex Xobeh.
  4259 | D:6      | Found a runed gate.
  4261 | D:6      | Found a runed gate.
  4262 | D:6      | Found a runed gate.
  4262 | D:6      | Noticed Buchy's ghost (novice MiBe)
  4313 | D:6      | Found an ornate altar of the Wu Jian Council.
  4346 | D:6      | Noticed Sigmund
  4353 | D:6      | Killed Sigmund
  4455 | D:6      | Noticed a troll
  4460 | D:6      | Killed a troll
  4670 | D:6      | Reached skill level 7 in Spellcasting
  4773 | D:6      | Reached XP level 9. HP: 31/39 MP: 17/20
  4901 | D:6      | Reached *** piety under Ashenzari
  5542 | D:7      | Reached skill level 8 in Spellcasting
  6086 | D:7      | Noticed Pikel
  6401 | D:7      | Killed Pikel
  6661 | D:8      | Found a snail-covered altar of Cheibriados.
  6668 | D:8      | Reached XP level 10. HP: 44/44 MP: 9/23
  6861 | D:8      | Reached skill level 9 in Spellcasting
  7084 | D:8      | Noticed a death yak
  7086 | D:8      | Noticed a death yak
  7090 | D:8      | Noticed a death yak
  7091 | D:8      | Reached skill level 10 in Transmutations
  7091 | D:8      | Reached skill level 10 in Earth Magic
  7336 | D:8      | Learned a level 3 spell: Stone Arrow
  7349 | D:8      | Killed a death yak
  7349 | D:8      | Reached skill level 10 in Spellcasting
  7466 | D:8      | Found a staircase to the Lair.
  7830 | D:8      | Learned a level 5 spell: Yara's Violent Unravelling
  8020 | D:8      | Found a staircase to the Lair.
  8249 | D:8      | Killed a death yak
  8249 | D:8      | Reached skill level 11 in Spellcasting
  8291 | D:8      | Reached skill level 12 in Spellcasting
  8318 | D:8      | Killed a death yak
  8530 | D:8      | Found a snail-covered altar of Cheibriados.
  8788 | D:9      | Found Jegown Yfiar's Food Shop.
  8852 | D:9      | Noticed an unseen horror
  8856 | D:9      | Killed an unseen horror
  8856 | D:9      | Reached skill level 13 in Spellcasting
  8856 | D:9      | Reached XP level 11. HP: 47/47 MP: 17/29
  8995 | D:9      | Found Tububeibu's Assorted Antiques.
  9024 | D:9      | Bought 2 yellow potions for 59 gold pieces
  9024 | D:9      | Bought 2 yellow potions for 59 gold pieces
  9168 | D:9      | Found Vimoat's Antique Weapon Emporium.
  9179 | D:9      | Reached **** piety under Ashenzari
  9180 | D:9      | Found a glowing silver altar of Zin.
  9264 | D:9      | Found Moduschaduh's Antique Weapon Shop.
  9280 | D:9      | Noticed a two-headed ogre
  9290 | D:9      | Killed a two-headed ogre
  9474 | D:9      | Found Foydgh's Armour Shop.
  9623 | D:9      | Noticed a two-headed ogre
  9629 | D:9      | Killed a two-headed ogre
  9629 | D:9      | Reached skill level 14 in Spellcasting
  9651 | D:9      | Found a radiant altar of Vehumet.
  9750 | D:9      | Found a sparkling altar of Nemelex Xobeh.
  9773 | D:10     | Entered Level 10 of the Dungeon
  9993 | D:10     | Noticed a two-headed ogre
 10005 | D:10     | Killed a two-headed ogre
 10334 | D:10     | Reached skill level 15 in Spellcasting
 10514 | D:10     | Noticed a two-headed ogre
 10529 | D:10     | Killed a two-headed ogre
 10957 | D:10     | Found a runed door.
 10963 | D:10     | Noticed inc's ghost (journeyman FoFi)
 10989 | D:10     | Killed inc's ghost
 10989 | D:10     | Reached skill level 16 in Spellcasting
 11016 | D:10     | Identified the +4 trident "Starlight" {pierce, Int+4} (You took it off a spriggan on level 10 of the Dungeon)
 11278 | D:11     | Noticed a red ugly thing
 11353 | D:11     | Killed a red ugly thing
 11590 | D:11     | Reached XP level 12. HP: 51/51 MP: 14/33
 11741 | D:11     | Reached skill level 1 in Fighting
 11917 | D:11     | Found Quag's Distillery.
 11991 | D:11     | Gained mutation: You are clumsy. (Dex -2) [potion of mutation]
 11991 | D:11     | Lost mutation: You are clumsy. (Dex -2) [potion of mutation]
 11991 | D:11     | Gained mutation: Armour fits poorly on your strangely shaped body. [potion of mutation]
 11991 | D:11     | Gained mutation: You are partially covered in large bone plates. (SH +4) [potion of mutation]
 12005 | D:11     | Reached skill level 5 in Dodging
 12210 | D:11     | Noticed a two-headed ogre
 12215 | D:11     | Killed a two-headed ogre
 12500 | D:11     | Found a portal to a secret trove of treasure.
 12621 | D:12     | Noticed Fannar
 12857 | D:12     | Killed Fannar
 13054 | D:12     | Noticed a two-headed ogre
 13067 | D:12     | Killed a two-headed ogre
 13067 | D:12     | Reached skill level 5 in Fighting
 13217 | D:12     | Found a staircase to the Orcish Mines.
 13335 | D:12     | Found an ornate altar of the Wu Jian Council.
 13592 | Orc:1    | Entered Level 1 of the Orcish Mines
 14152 | Orc:1    | Learned a level 2 spell: Sticks to Snakes
 15159 | Orc:2    | Entered Level 2 of the Orcish Mines
 15159 | Orc:2    | Noticed an orc warlord
 15584 | Orc:2    | Noticed an ogre mage
 15584 | Orc:2    | Noticed a two-headed ogre
 15584 | Orc:2    | Noticed a two-headed ogre
 15646 | Orc:2    | Found a staircase to the Elven Halls.
 15664 | Orc:1    | Killed a two-headed ogre
 15789 | Orc:2    | Noticed an orc high priest
 15793 | Orc:1    | Reached skill level 17 in Spellcasting
 15907 | Orc:1    | Killed a two-headed ogre
 16085 | Orc:2    | Reached ***** piety under Ashenzari
 16176 | Orc:2    | Found a roughly hewn altar of Beogh.
 16204 | Orc:2    | Found a roughly hewn altar of Beogh.
 16256 | Orc:2    | Killed an ogre mage
 16705 | Orc:1    | Killed an orc warlord
 16705 | Orc:1    | Reached XP level 13. HP: 66/66 MP: 7/35
 17035 | Orc:2    | Found Ugeteq's Gadget Emporium.
 17162 | Orc:2    | Noticed an orc warlord
 17776 | Orc:2    | Found Roin Oqoim's Food Boutique.
 18194 | Orc:2    | Found a roughly hewn altar of Beogh.
 18214 | Orc:2    | Found a roughly hewn altar of Beogh.
 18276 | Orc:2    | Found Akado's Gadget Shoppe.
 18310 | Orc:2    | Found a roughly hewn altar of Beogh.
 18424 | Orc:2    | Found Iryckuiz's Weapon Emporium.
 18584 | Orc:2    | Found a roughly hewn altar of Beogh.
 18993 | Orc:2    | Noticed an orc warlord
 19152 | Orc:2    | Killed an orc warlord
 19152 | Orc:2    | Reached skill level 10 in Dodging
 19449 | Orc:2    | Found Naoheso's Antique Weapon Shoppe.
 19450 | Orc:2    | Found a roughly hewn altar of Beogh.
 19451 | Orc:2    | Found Hamuw's Antique Armour Emporium.
 19766 | D:6      | Killed Buchy's ghost
 20203 | D:13     | Found a gate to the Vaults.
 21214 | D:13     | Killed by mirror damage

Vault maps used:
D:1:      dpeg_arrival_rooms_b
D:2:      lemuel_round_altar, lemuel_crystal_altar, fedhas_altar_4,
          uniq_crazy_yiuf_cottage
D:3:      old_standard_altar, minmay_checkerbox
D:4:      grunt_dithmenos_smoke, grunt_temple_overflow_open,
          minmay_tree_intersection, small_statue_intersection, kennysheep_boxes
D:5:      nicolae_qazlal_general_emergency, temple_statues, first_ration,
          nemelex_spade_bored_becter, uniq_ijyb
D:6:      old_standard_altar, gammafunk_ghost_necromancy, uniq_sigmund
D:7:      cheibrodos_steamvent, uniq_pikel
D:8:      slow_altar_1, dpeg_lair_monsters, blue_anna_alchemist,
          minmay_misc_feat_x
D:9:      lemuel_crystal_altar, vehumet_crystals, serial_shops,
          nicolae_shop_statue_plus, nicolae_shop_stone,
          nicolae_shop_competitors_out_of_business, nicolae_shop_statue_plus,
          nicolae_shop_competitors_out_of_business, st_stairs_8,
          nemelex_diamond_rough_becter
D:10:     ebering_ghost_funeral_grove
D:11:     enter_trove_6, serial_shops, nicolae_shop_stone
D:12:     david_orc_3, basic_altar, uniq_fannar
D:13:     lightli_vaults_fourway_checkpoint, lemuel_nasty_fountain
Temple:   chequers_temple_sunken
Orc:1:    library_closet, mines_bat_river
Orc:2:    grunt_orc_community_town_hall, grunt_orc_community_big_house_2,
          grunt_orc_community_big_house_1, grunt_orc_community_house_1,
          grunt_orc_community_house_3, grunt_orc_community_house_1,
          grunt_orc_community_house_1, grunt_orc_community_house_1,
          serial_shops, shop, shop

Skill      XL: |  1  2  3  4  5  6  7  8  9 10 11 12 13 |
---------------+----------------------------------------+-----
Earth Magic    | 3 4 5 6 8 9 10 | 10.0
Spellcasting   | 3 4 5 7 8 13 16 17 | 17.8
Transmutations | 2 3 4 5 6 8 9 10 | 10.0
Fighting       | 6 9 |  9.2
Dodging        | 9 11 | 11.2
Stealth        | |  3.0

Action                   |  1- 3 |  4- 6 |  7- 9 | 10-12 | 13-15 || total
-------------------------+-------+-------+-------+-------+-------++-------
Melee: Spear             |    44 |   122 |   161 |   130 |    26 ||   483
       Unarmed           |     5 |       |       |       |       ||     5
 Cast: Sandblast         |    27 |    57 |   139 |    26 |    10 ||   259
       Lee's Rapid Decon |       |       |    19 |   103 |    78 ||   200
       Petrify           |       |       |     1 |     9 |    12 ||    22
       Stone Arrow       |       |       |       |   243 |   124 ||   367
       Passwall          |       |       |       |     5 |     2 ||     7
       Sticks to Snakes  |       |       |       |     3 |     2 ||     5
Invok: Curse Item        |       |       |       |     1 |       ||     1
Evoke: Wand              |       |       |       |     8 |    43 ||    51
  Use: Scroll            |     3 |       |     8 |     6 |       ||    17
       Potion            |       |       |       |     8 |       ||     8
 Stab: Sleeping          |     5 |     3 |     4 |     1 |       ||    13
       Distracted        |       |     2 |     2 |       |       ||     4
       Petrified         |       |       |       |       |     1 ||     1
  Eat: Ration            |       |       |     4 |     9 |     3 ||    16
Armor: Robe              |     2 |    16 |    14 |    16 |     6 ||    54
Dodge: Dodged            |    28 |   104 |   151 |   139 |    77 ||   499
Block: Other             |       |       |       |    13 |     6 ||    19

Table legend:
 A = Spawn XP
 B = Non-spawn XP
 C = Spawn XP percentage of total XP
 D = Spawn monster count
 E = Non-spawn monster count
 F = Spawn count percentage of total count
 G = Total turns spent on level
                    A         B        C        D         E        F      G
               +---------+---------+-------+---------+---------+-------+---------
         Total |       0 |   60332 |   0.0 |       0 |     499 |   0.0 | 21214
               +---------+---------+-------+---------+---------+-------+---------
           D:1 |       0 |       9 |   0.0 |       0 |       6 |   0.0 |   534
           D:2 |       0 |     162 |   0.0 |       0 |      29 |   0.0 |  1235
           D:3 |       0 |     108 |   0.0 |       0 |      16 |   0.0 |   828
           D:4 |       0 |     762 |   0.0 |       0 |      24 |   0.0 |   792
           D:5 |       0 |     622 |   0.0 |       0 |      16 |   0.0 |  1065
           D:6 |       0 |    2256 |   0.0 |       0 |      30 |   0.0 |   987
           D:7 |       0 |    2243 |   0.0 |       0 |      26 |   0.0 |  1694
           D:8 |       0 |    4806 |   0.0 |       0 |      36 |   0.0 |  2193
           D:9 |       0 |    4107 |   0.0 |       0 |      32 |   0.0 |  1240
          D:10 |       0 |    5900 |   0.0 |       0 |      32 |   0.0 |  1470
          D:11 |       0 |    6214 |   0.0 |       0 |      33 |   0.0 |  1447
          D:12 |       0 |    3943 |   0.0 |       0 |      19 |   0.0 |  1250
          D:13 |       0 |   10104 |   0.0 |       0 |      27 |   0.0 |  1152
         Orc:1 |       0 |    6356 |   0.0 |       0 |      46 |   0.0 |  2601
         Orc:2 |       0 |   12740 |   0.0 |       0 |     127 |   0.0 |  2678
               +---------+---------+-------+---------+---------+-------+---------
